AoeStats
← Tsimentopoulos

Lombardia

509627730Analyzed
3v3 RM · 6d ago on Sep 27, 2026· 72m 21s· 6 players
Game mode
Random Map
Map size
Normal (6 player)
Population
200
Speed
Normal
Resources
Standard
Victory
Conquest
Starting age
Dark Age
Ending age
Imperial Age
RankedLock teamsTeams togetherTeam positionsShared explorationLock speedFull tech treeHidden civsTurbo modeCheats
Victory
Defeat
🇬🇷 Khmer · Greece
1095
+13
🇬🇷 Sicilians · Greece
1083
+14
🇬🇷 Persians · Greece
1022
+16
🇬🇧 Varangians · United Kingdom
1045
-15
🇬🇧 Saxons · United Kingdom
1044
-15
🇬🇧 Danes · United Kingdom
993
-13
Joe
2:59 Loom
13:13 Feudal Age
14:48 Double-Bit Axe
18:50 Castle Age
22:51 Scale Mail Armor
23:11 Gambesons
24:23 Gold Mining
29:00 Wheelbarrow
29:36 Town Watch
30:12 Bow Saw
36:37 Imperial Age
37:00 Onager
40:22 Hand Cart
41:24 Town Patrol
46:08 Conscription
45:09 Northmen's Fury
48:09 Elite Varangian Guard
48:50 Squires
52:05 Horse Collar
54:13 Siege Onager
57:59 Ballistics
57:45 Siege Engineers
58:41 Chemistry
70:32 Stone Mining
Creamy Guinness
12:40 Feudal Age
13:04 Man-at-Arms
15:00 Forging
14:51 Scale Mail Armor
20:20 Double-Bit Axe
20:49 Bloodlines
24:42 Castle Age
25:07 Light Cavalry
25:48 Husbandry
29:04 Scale Barding Armor
35:06 Wheelbarrow
37:54 Hand Cart
37:51 Gold Mining
39:07 Chain Barding Armor
47:02 Imperial Age
46:10 Iron Casting
45:29 Loom
46:42 Gambesons
46:58 Squires
46:43 Arson
47:07 Elite Varangian Guard
48:55 Blast Furnace
47:31 Gothikon
49:47 Conscription
48:57 Cavalier
50:14 Plate Barding Armor
53:25 Caravan
57:00 Chain Mail Armor
56:34 Long Swordsman
56:37 Hussar
63:56 Bow Saw
63:31 Horse Collar
70:39 Town Watch
MrKayMonk
12:21 Feudal Age
12:24 Loom
13:18 Double-Bit Axe
15:11 Horse Collar
29:29 Castle Age
28:13 Gold Mining
30:54 Fletching
31:42 Crossbowman
34:46 Padded Archer Armor
45:13 Thumb Ring
51:50 Leather Archer Armor
51:31 Bodkin Arrow
59:07 Imperial Age
58:34 Ballistics
59:24 Stone Mining
60:02 Arbalester
62:42 Bracer
64:18 Pikeman
Fly Lo
5:35 Loom
9:54 Feudal Age
19:58 Fletching
20:08 Padded Archer Armor
27:03 Castle Age
27:06 Double-Bit Axe
27:10 Crossbowman
28:12 Bodkin Arrow
31:40 Ballistics
33:38 Leather Archer Armor
34:34 Bow Saw
40:00 Imperial Age
39:04 Wheelbarrow
41:37 Hand Cart
43:28 Bracer
43:58 Ring Archer Armor
42:54 Arbalester
46:55 Gold Mining
48:20 Chemistry
48:12 Gold Shaft Mining
50:07 Capped Ram
51:24 Siege Ram
dripped fly lo
12:33 Feudal Age
16:21 Castle Age
17:27 Double-Bit Axe
17:46 Horse Collar
19:43 Heavy Plow
19:56 Bow Saw
26:12 Scale Barding Armor
26:18 Forging
29:25 Chain Barding Armor
29:41 Iron Casting
37:45 Husbandry
37:59 Bloodlines
38:31 Gold Mining
38:34 Stone Mining
41:30 Imperial Age
41:08 Cavalier
43:01 Loom
43:55 Wheelbarrow
42:56 Savar
44:40 Plate Barding Armor
45:05 Blast Furnace
54:19 Hand Cart
54:50 Caravan
Tsimentopoulos
9:27 Loom
12:19 Feudal Age
25:40 Horse Collar
28:01 Scale Mail Armor
30:31 Castle Age
28:18 Double-Bit Axe
32:37 Chain Mail Armor
32:33 Forging
34:54 Iron Casting
34:09 Fletching
38:15 Wheelbarrow
42:31 Hand Cart
43:25 Gambesons
43:40 Squires
43:27 Arson
46:28 Bow Saw
49:50 Imperial Age
50:59 Gold Mining
52:06 Town Watch
52:50 Onager
55:15 Plate Mail Armor
55:45 Blast Furnace
55:12 Siege Onager
55:29 Pikeman
57:13 Siege Engineers
63:01 Halberdier
70:21 Caravan
Connection lost

Rejoining the realm…

Still unreachable

The connection could not be restored.

Session expired

The server has moved on; the page needs a fresh start.